details: 'saved by the drop'

« prev index next »

General information

Mini Map

Players

team 1
OrcStrApAgAnzA (pink | 63 APM | 668 actions | 10:33)
Hero icon 3 Blademaster
Ability icon 1 Wind Walk
Ability icon 2 Critical Strike
Hero icon 1 Shadow Hunter
Ability icon 1 Healing Wave

» actions
Assign group hotkey25
Basic commands3
Build / train27
ESC pressed1
Enter build submenu13
Enter hero's abilities submenu4
Give item / drop item1
Right click223
Select / deselect86
Select group hotkey254
Use ability31
668 total
» units
Peon9
Grunt5
14 total
» upgrades
Melee Weapons2
2 total
» buildings
Altar of Storms1
Orc Burrow3
Barracks1
Voodoo Lounge1
War Mill1
Stronghold1
Watch Tower2
Great Hall1
Spirit Lodge1
12 total
» build order
00:09 Altar of Storms
00:23 Orc Burrow
01:35 Barracks
01:44 Orc Burrow
02:38 Voodoo Lounge
03:00 War Mill
03:57 Orc Burrow
04:34 Stronghold
05:14 Watch Tower
06:24 Watch Tower
08:17 Great Hall
08:28 Spirit Lodge
» items
Healing Salve2
Lesser Clarity Potion1
Scroll of Speed1
4 total
Undeadkush-master (teal | 28 APM | 302 actions | 10:42)
Hero icon 2 Goblin Alchemist
Ability icon 1 Healing Spray
Ability icon 1 Chemical Rage

» actions
Build / train29
Enter build submenu16
Enter hero's abilities submenu2
Right click119
Select / deselect115
Use ability21
302 total
» units
Acolyte3
Ghoul10
13 total
» upgrades
Unholy Armor2
Unholy Strength2
Necromancer Training1
Banshee Training1
Skeletal Longevity1
Exhume Corpses1
Disease Cloud1
9 total
» buildings
Altar of Darkness1
Ziggurat3
Crypt2
Graveyard1
Tomb of Relics1
Halls of the Dead1
Nerubian Tower1
Slaughterhouse3
Temple of the Damned3
Black Citadel1
17 total
» build order
00:50 Altar of Darkness
00:54 Ziggurat
00:59 Crypt
01:33 Crypt
01:48 Ziggurat
02:42 Graveyard
02:52 Tomb of Relics
02:58 Ziggurat
03:56 Halls of the Dead
05:15 Nerubian Tower
06:48 Slaughterhouse
06:52 Slaughterhouse
06:57 Slaughterhouse
07:05 Temple of the Damned
07:21 Temple of the Damned
07:31 Temple of the Damned
07:33 Black Citadel
» items
Sacrificial Skull1
1 total
UndeadQuintas (blue | 24 APM | 539 actions | 22:16)
Hero icon 2 Death Knight
Ability icon 1 Death Coil
Ability icon 1 Death Pact
Hero icon 1 Archmage
Ability icon 1 Blizzard
Hero icon 1 Lich
Ability icon 1 Frost Nova
Hero icon 1 Blood Mage
Ability icon 1 Flame Strike

» actions
Build / train121
Enter build submenu43
Enter hero's abilities submenu5
Remove unit from queue1
Right click95
Select / deselect222
Use ability52
539 total
» units
Acolyte2
Peasant4
Ghoul3
Footman5
Crypt Fiend26
Necromancer9
Mortar Team4
Rifleman12
Flying Machine7
Banshee8
Gargoyle4
Abomination3
87 total
» upgrades
Masonry1
Long Rifles1
Necromancer Training1
Unholy Strength1
Creature Attack1
5 total
» buildings
Ziggurat6
Altar of Darkness1
Crypt1
Nerubian Tower1
Farm14
Altar of Kings1
Barracks1
Arcane Vault1
Tomb of Relics1
Blacksmith1
Graveyard1
Scout Tower11
Halls of the Dead1
Keep1
Arcane Tower1
Spirit Tower7
Guard Tower5
Necropolis1
Workshop1
Castle1
58 total
» build order
00:10 Ziggurat
00:35 Altar of Darkness
00:59 Crypt
01:06 Nerubian Tower
01:17 Farm
01:28 Altar of Kings
01:42 Barracks
01:55 Arcane Vault
02:03 Farm
02:22 Tomb of Relics
02:48 Farm
02:58 Farm
03:14 Blacksmith
03:31 Graveyard
04:12 Ziggurat
04:45 Scout Tower
04:49 Farm
05:02 Ziggurat
05:15 Halls of the Dead
05:19 Keep
05:28 Arcane Tower
05:45 Farm
05:49 Scout Tower
05:54 Spirit Tower
05:57 Spirit Tower
08:06 Guard Tower
08:09 Farm
08:14 Farm
08:27 Necropolis
10:03 Workshop
10:50 Spirit Tower
10:52 Spirit Tower
11:53 Ziggurat
11:56 Ziggurat
11:59 Ziggurat
12:24 Farm
13:05 Farm
14:02 Farm
14:11 Farm
14:17 Farm
14:20 Scout Tower
14:23 Scout Tower
15:14 Farm
15:18 Guard Tower
15:20 Guard Tower
16:19 Castle
16:24 Scout Tower
16:30 Scout Tower
17:10 Scout Tower
17:13 Guard Tower
17:17 Scout Tower
17:23 Scout Tower
17:27 Scout Tower
17:55 Scout Tower
18:06 Guard Tower
18:56 Spirit Tower
21:52 Spirit Tower
21:53 Spirit Tower
» items
Rod of Necromancy1
1 total
Humanw3kissmyass (red | 18 APM | 20 actions | 01:07)

» actions
Basic commands1
Build / train6
Enter build submenu2
Right click2
Select / deselect8
Use ability1
20 total
» units
Peasant6
6 total
» buildings
Lumber Mill1
1 total
» build order
00:52 Lumber Mill
team 2
HumanVPNIsFinallyOff (orange | 95 APM | 2128 actions | 22:18)
Hero icon 5 Blood Mage
Ability icon 3 Flame Strike
Ability icon 2 Siphon Mana

» actions
Assign group hotkey33
Basic commands180
Build / train117
ESC pressed3
Enter build submenu37
Enter hero's abilities submenu5
Give item / drop item5
Right click866
Select / deselect301
Select group hotkey504
Use ability77
2128 total
» units
Peasant20
Footman13
Sorceress1
Gryphon Rider13
47 total
» upgrades
Defend1
Masonry3
Swords3
Lumber Harvesting2
Armor3
Animal War Training1
Sorceress Training3
Storm Hammers1
Magic Sentry1
Priest Training2
Control Magic1
Cloud1
Long Rifles1
Plating2
Gunpowder2
Flak Cannons1
Flying Machine Bombs1
Barrage1
Fragmentation Shards1
Flare1
Backpack1
33 total
» buildings
Barracks1
Altar of Kings1
Farm11
Arcane Vault1
Town Hall1
Lumber Mill1
Scout Tower11
Guard Tower11
Keep2
Blacksmith1
Castle2
Gryphon Aviary4
Arcane Sanctum1
Arcane Tower1
Workshop3
52 total
» build order
00:14 Barracks
00:17 Altar of Kings
00:19 Farm
00:57 Farm
01:36 Farm
02:25 Arcane Vault
03:40 Town Hall
04:07 Farm
04:47 Lumber Mill
05:41 Scout Tower
05:43 Scout Tower
05:45 Scout Tower
06:12 Guard Tower
06:13 Guard Tower
06:13 Guard Tower
06:13 Guard Tower
06:14 Guard Tower
06:17 Scout Tower
06:19 Scout Tower
06:57 Keep
06:57 Keep
06:59 Guard Tower
07:05 Guard Tower
07:19 Blacksmith
08:31 Scout Tower
08:38 Scout Tower
08:42 Scout Tower
09:19 Guard Tower
09:19 Castle
09:20 Castle
09:23 Guard Tower
09:24 Guard Tower
09:25 Scout Tower
10:40 Gryphon Aviary
10:42 Gryphon Aviary
10:46 Gryphon Aviary
11:16 Gryphon Aviary
11:27 Arcane Sanctum
12:17 Arcane Tower
12:35 Farm
12:36 Farm
12:39 Farm
12:43 Farm
12:47 Farm
12:51 Farm
12:54 Farm
18:49 Workshop
18:51 Workshop
18:53 Workshop
21:31 Scout Tower
21:33 Scout Tower
» items
Scroll of Regeneration2
Boots of Speed1
Staff of Teleportation1
Periapt of Vitality1
Lesser Clarity Potion1
Potion of Mana1
Scroll of Town Portal1
8 total
UndeadEmpireOfDust (yellow | 56 APM | 1247 actions | 22:17)
Hero icon 6 Death Knight
Ability icon 3 Death Coil
Ability icon 3 Unholy Aura

» actions
Assign group hotkey147
Basic commands47
Build / train44
Enter build submenu27
Enter hero's abilities submenu6
Give item / drop item3
Remove unit from queue1
Right click547
Select / deselect256
Select group hotkey120
Use ability49
1247 total
» units
Acolyte8
Ghoul5
Frost Wyrm7
20 total
» upgrades
Creature Attack3
Creature Carapace3
Freezing Breath1
7 total
» buildings
Crypt1
Ziggurat14
Altar of Darkness1
Tomb of Relics3
Halls of the Dead1
Graveyard3
Sacrificial Pit1
Black Citadel1
Spirit Tower3
Boneyard3
31 total
» build order
00:09 Crypt
00:12 Ziggurat
00:38 Altar of Darkness
00:57 Ziggurat
01:36 Tomb of Relics
02:46 Halls of the Dead
03:45 Graveyard
05:08 Sacrificial Pit
06:56 Black Citadel
08:14 Ziggurat
08:14 Ziggurat
08:15 Ziggurat
08:16 Ziggurat
08:16 Ziggurat
09:14 Spirit Tower
09:15 Spirit Tower
09:16 Spirit Tower
10:38 Graveyard
10:39 Boneyard
10:40 Boneyard
10:42 Boneyard
10:50 Graveyard
13:02 Ziggurat
13:05 Ziggurat
13:07 Ziggurat
13:09 Ziggurat
13:10 Ziggurat
13:15 Ziggurat
13:15 Ziggurat
14:21 Tomb of Relics
14:22 Tomb of Relics
» items
Rod of Necromancy1
Orb of Corruption1
Scroll of Healing1
3 total
Humanmariovsonic999 (green | 48 APM | 1068 actions | 22:16)
Hero icon 6 Mountain King
Ability icon 3 Storm Bolt
Ability icon 2 Bash
Ability icon 1 Avatar
Hero icon 5 Pandaren Brewmaster
Ability icon 3 Breath of Fire
Ability icon 2 Drunken Brawler
Hero icon 2 Paladin
Ability icon 1 Holy Light
Ability icon 1 Devotion Aura

» actions
Assign group hotkey23
Basic commands96
Build / train56
Enter build submenu23
Enter hero's abilities submenu14
Right click397
Select / deselect251
Select group hotkey136
Use ability72
1068 total
» units
Peasant11
Footman9
Knight5
25 total
» upgrades
Defend1
Masonry1
Animal War Training1
Swords3
Plating3
Lumber Harvesting1
10 total
» buildings
Altar of Kings1
Farm9
Barracks2
Scout Tower3
Arcane Vault1
Arcane Tower1
Lumber Mill1
Guard Tower1
Keep1
Blacksmith2
Castle1
Town Hall1
24 total
» build order
00:10 Altar of Kings
00:14 Farm
00:41 Barracks
01:52 Farm
01:56 Farm
01:58 Farm
02:44 Farm
03:42 Scout Tower
03:46 Scout Tower
03:47 Scout Tower
04:02 Arcane Vault
04:15 Farm
04:21 Arcane Tower
04:24 Lumber Mill
05:09 Guard Tower
05:16 Keep
05:59 Barracks
07:53 Blacksmith
07:57 Castle
12:11 Blacksmith
12:29 Farm
12:30 Farm
12:33 Farm
15:54 Town Hall
Random» Humantehweather (purple | 42 APM | 933 actions | 22:16)
Hero icon 5 Archmage
Ability icon 3 Summon Water Elemental
Ability icon 2 Brilliance Aura
Hero icon 3 Mountain King
Ability icon 1 Storm Bolt
Ability icon 2 Bash

» actions
Build / train57
Enter build submenu28
Enter hero's abilities submenu8
Give item / drop item1
Remove unit from queue1
Right click410
Select / deselect368
Use ability60
933 total
» units
Peasant15
Rifleman13
Mortar Team2
Priest3
Sorceress2
35 total
» upgrades
Gunpowder2
Armor2
Masonry1
Long Rifles1
Lumber Harvesting1
Sorceress Training1
Priest Training1
9 total
» buildings
Lumber Mill1
Farm18
Blacksmith1
Scout Tower1
Barracks3
Altar of Kings2
Arcane Tower1
Arcane Vault1
Town Hall1
Keep1
Workshop1
Arcane Sanctum2
33 total
» build order
00:30 Lumber Mill
00:34 Farm
00:35 Farm
01:36 Blacksmith
01:46 Scout Tower
02:26 Barracks
02:34 Barracks
02:42 Altar of Kings
03:34 Arcane Tower
03:49 Farm
03:57 Altar of Kings
04:13 Arcane Vault
04:33 Farm
04:35 Farm
04:41 Barracks
05:14 Farm
05:14 Farm
05:20 Farm
05:24 Farm
05:26 Farm
07:03 Farm
07:04 Farm
08:47 Farm
09:35 Farm
10:12 Town Hall
10:50 Farm
10:53 Keep
11:34 Farm
12:30 Farm
12:35 Farm
13:59 Workshop
14:02 Arcane Sanctum
14:03 Arcane Sanctum

Chat log

(00:10 / Allies) VPNIsFinallyOff: same team on this map again wow
(00:17 / Allies) EmpireOfDust: and I picked UD
(00:19 / Allies) EmpireOfDust: gay
(00:39 / Allies) VPNIsFinallyOff: at least Ud can easily expo on this map
(00:49 / Allies) EmpireOfDust: human can too
(00:51 / Allies) EmpireOfDust: and orc and ne
(00:54 / Allies) VPNIsFinallyOff: yeah
(01:11 / Allies) mariovsonic999: wow
(01:14 / Allies) VPNIsFinallyOff: if he left this might be a 3 minute game, yay!
(01:22 / Allies) VPNIsFinallyOff: then we might get last man standing
(01:23 / Allies) mariovsonic999: doubt it

(02:51 / Allies) tehweather: shit help pelase
(03:03 / Allies) mariovsonic999: get militia

(05:44 / Allies) tehweather: wanna clear mid
(05:51 / Allies) mariovsonic999: hang on
(06:17 / Allies) mariovsonic999: hold up
(06:20 / Allies) mariovsonic999: let me get there
(06:32 / Allies) EmpireOfDust: lumber?
(07:07 / Allies) EmpireOfDust: getting a littel close
(07:09 / Allies) EmpireOfDust: day soon

(08:25 / Allies) EmpireOfDust: ty green
(08:33 / Allies) EmpireOfDust: for taking exp tome when I creeping it
(08:36 / Allies) mariovsonic999: your welcome
(08:42 / Allies) EmpireOfDust: retarded piece of shit
(08:53 / Allies) mariovsonic999: are you that same guy from before
(09:02 / Allies) EmpireOfDust: what do you mean
(09:07 / Allies) mariovsonic999: nvm
(09:23 / Allies) mariovsonic999: there was a guy who got pissy because i took his stuff after his hero died
(09:25 / Allies) EmpireOfDust: I mean you cahrge in when I'm creeping
(09:31 / Allies) EmpireOfDust: then take exp tome like a fucking faggot
(09:36 / Allies) EmpireOfDust: my hero was right there
(09:43 / Allies) mariovsonic999: you got the crown
(09:43 / Allies) EmpireOfDust: you have no etiquette in a team game
(09:46 / Allies) EmpireOfDust: so
(10:06 / All) VPNIsFinallyOff: raped
(10:33 / All) VPNIsFinallyOff: lol
(10:38 / Allies) mariovsonic999: nice
(11:05 / 7) VPNIsFinallyOff: yellow and I are going to backstab our allies
(11:06 / 7) VPNIsFinallyOff: stay
(11:09 / Allies) mariovsonic999: rage quit
(11:21 / All) mariovsonic999: rage quit

(13:14 / 7) VPNIsFinallyOff: stay, if they kill that base we still have enough time to kill our allies
(13:50 / Allies) EmpireOfDust: lumbeR?
(14:00 / Allies) VPNIsFinallyOff: wood please
(14:11 / Allies) VPNIsFinallyOff: ty

(16:18 / All) EmpireOfDust: orb of corruption is best orb
(16:28 / All) VPNIsFinallyOff: yeah
(16:42 / Allies) EmpireOfDust: it rapes with blade master
(17:07 / All) mariovsonic999: wut are you doing
(17:08 / Allies) VPNIsFinallyOff: Give me your resources
(17:10 / Allies) VPNIsFinallyOff: and you may live
(17:20 / All) mariovsonic999: here
(17:24 / All) VPNIsFinallyOff: you forgot 200 wood
(17:24 / All) mariovsonic999: wtf
(17:38 / All) mariovsonic999: here
(17:47 / All) VPNIsFinallyOff: Good man
(17:53 / All) mariovsonic999: why wouldd you do that
(17:58 / All) VPNIsFinallyOff: Now purple, your resources or you die
(18:10 / All) mariovsonic999: do you want us to lose
(18:14 / All) VPNIsFinallyOff: Yes
(18:18 / All) mariovsonic999: too bad
(18:22 / All) mariovsonic999: we are winning anyways
(18:25 / Allies) tehweather: i gave you my resources?
(18:38 / All) VPNIsFinallyOff: I was planning to kill both of you anyway regardless of whether you gave them or not

(20:32 / All) mariovsonic999: douche
(20:36 / 7) VPNIsFinallyOff: I'm finishing off our allies
(20:51 / All) mariovsonic999: we're going without you
(21:02 / All) VPNIsFinallyOff: You will go, but not to his base
(21:05 / All) VPNIsFinallyOff: To hell maybe
(21:11 / All) mariovsonic999: wut the hell are you doing
(21:35 / All) mariovsonic999: take out
(21:41 / All) VPNIsFinallyOff: What's your favourite kind?
(22:00 / Allies) tehweather: yellow are you killing us too?
(22:03 / All) mariovsonic999: you guys are assholes
(22:06 / All) EmpireOfDust: no
(22:16 / All) EmpireOfDust: saved by the drop